 Dungeon Crawl Stone Soup version 0.26-a0-639-g72c4674329 (webtiles) character file.

Game seed: 5317649085877142338

10397 Notrik the Warrior (level 11, -5/116 HPs)
             Began as a Minotaur Fighter on Aug 21, 2020.
             Was a High Priest of Okawaru.
             Slain by an 11-headed hydra (10 damage)
             ... on level 10 of the Dungeon on Sept 16, 2020.
             The game lasted 00:17:47 (11139 turns).

Notrik the Warrior (Minotaur Fighter)              Turns: 11139, Time: 00:17:48

Health: -5/116     AC: 17    Str: 24    XL:     11   Next: 35%
Magic:  0/10       EV:  4    Int:  5    God:    Okawaru [*****.]
Gold:   729        SH: 10    Dex: 16    Spells: 10/10 levels left

rFire    + . .     SeeInvis .   a - +0 long sword
rCold    . . .     Faith    .   c - +0 kite shield
rNeg     + . .     Spirit   +   z - +0 plate armour "Qufoced" {rN+}
rPois    .         Reflect  .   (helmet restricted)
rElec    .         Harm     .   h - +2 cloak
rCorr    .         Rampage  .   (no gloves)
MR       .....                  L - +2 pair of boots {Fly}
Stlth    ..........             t - amulet of guardian spirit
HPRegen  0.29/turn              i - ring of protection from fire
MPRegen  0.12/turn              r - +6 ring of dexterity

@: flying
A: retaliatory headbutt, horns 2
a: Heroism, Finesse, Renounce Religion, Stop Flying


You were on level 10 of the Dungeon.
You worshipped Okawaru.
Okawaru was extremely pleased with you.
You visited 1 branch of the dungeon, and saw 11 of its levels.

You collected 729 gold pieces.

Inventory:

Hand Weapons
 a - a +0 long sword (weapon)
Missiles
 D - 2 throwing nets (quivered) {!f}
Armour
 c - a +0 kite shield (worn)
 h - a +2 cloak (worn)
   (You found it on level 1 of the Dungeon)
 z - the +0 plate armour "Qufoced" (worn) {rN+}
   (You found it on level 5 of the Dungeon)

   It protects you from negative energy.
 L - a +2 pair of boots of flying (worn)
   (Okawaru gifted it to you on level 9 of the Dungeon)
Jewellery
 e - a +4 ring of protection {unknown}
   (You found it on level 4 of the Dungeon)
 i - a ring of protection from fire (left hand)
   (You found it on level 1 of the Dungeon)
 r - a +6 ring of dexterity (right hand)
   (You found it on level 1 of the Dungeon)
 t - an amulet of guardian spirit (around neck)
   (You found it on level 2 of the Dungeon)
 M - an uncursed amulet of regeneration {unknown}
   (You found it on level 10 of the Dungeon)
Wands
 d - a wand of iceblast (5)
   (You found it on level 9 of the Dungeon)
 v - a wand of digging (9)
   (You took it off Ijyb on level 5 of the Dungeon)
 x - a wand of acid (3)
   (You found it on level 9 of the Dungeon)
 C - a wand of polymorph (10)
   (You found it on level 7 of the Dungeon)
Scrolls
 b - 8 scrolls of identify {@r1}
 f - 4 scrolls of teleportation {unknown}
 g - 4 scrolls of enchant armour {unknown}
 j - 4 scrolls of immolation {unknown}
 k - 8 scrolls of remove curse {@r2}
 s - a scroll of magic mapping {unknown}
 y - 2 scrolls of enchant weapon {unknown}
 A - a scroll of torment {unknown}
 E - a scroll of vulnerability {unknown}
 G - a scroll of amnesia {unknown}
 H - a scroll of random uselessness {unknown}
 I - a scroll of holy word {unknown}
 O - a scroll of silence {unknown}
 P - 2 scrolls of summoning {unknown}
Potions
 l - 4 potions of stabbing {unknown}
 m - 2 potions of lignification {!q}
 n - 3 potions of haste {@q3}
 o - a potion of heal wounds {unknown}
 p - 3 potions of flight
 q - 6 potions of mutation {!q}
 u - 3 potions of ambrosia
 w - 2 potions of brilliance {unknown}
 B - 3 potions of invisibility {unknown}
 F - 2 potions of curing {unknown}
 K - 2 potions of might
 N - a potion of berserk rage {unknown}
Miscellaneous
 J - a box of beasts (3/3)
   (You found it on level 9 of the Dungeon)


   Skills:
 * Level 16.6 Fighting
 + Level 12.4 Long Blades
 - Level 3.6 Armour
 - Level 3.6 Shields


You had 10 spell levels left.
You didn't know any spells.
Your spell library contained the following spells:

 Spells                   Type           Power        Failure   Level
 Freeze                   Ice            #...         100%        1
 Frozen Ramparts          Ice            #.....       100%        3
 Ozocubu's Armour         Ice            #.......     100%        3
 Hailstorm                Conj/Ice       #.......     100%        4
 Summon Ice Beast         Ice/Summ       #.......     100%        4


Dungeon Overview and Level Annotations

Branches:
Dungeon (11/15)            Temple (0/1) D:6            Lair (0/6) D:10
    Orc (0/2) D:9

Altars:
Ashenzari
Cheibriados
Dithmenos
Elyvilon
Fedhas
Gozag
Makhleb
Nemelex Xobeh
Okawaru
Ru
Sif Muna
Trog
Zin
The Shining One


Innate Abilities, Weirdness & Mutations

You reflexively headbutt those who attack you in melee.
You have a pair of horns on your head.


Message History

The 11-headed hydra bites you but does no damage. x2
The 11-headed hydra bites you!
* * * LOW HITPOINT WARNING * * *
The 11-headed hydra bites you but does no damage. x2
You block the 11-headed hydra's attack.
The 11-headed hydra bites you but does no damage. x2
The 11-headed hydra barely misses you.
The 11-headed hydra bites you but does no damage.
The 11-headed hydra bites you.
* * * LOW HITPOINT WARNING * * *
The 11-headed hydra bites you but does no damage.
The 11-headed hydra bites you!
* * * LOW HITPOINT WARNING * * *
You block the 11-headed hydra's attack.
The 11-headed hydra bites you but does no damage.
The 11-headed hydra bites you.
* * * LOW HITPOINT WARNING * * *
The 11-headed hydra bites you but does no damage.
There is a stone staircase leading down here.
There is a stone staircase leading up, spattered with blood here.
The 11-headed hydra bites you.
* * * LOW HITPOINT WARNING * * *
The 11-headed hydra bites you but does no damage.
The 11-headed hydra bites you.
* * * LOW HITPOINT WARNING * * *
The 11-headed hydra bites you but does no damage.
You block the 11-headed hydra's attack. x2
The 11-headed hydra bites you but does no damage.
The 11-headed hydra bites you.
* * * LOW HITPOINT WARNING * * *
You block the 11-headed hydra's attack.
The 11-headed hydra bites you but does no damage.
You block the 11-headed hydra's attack.
You fly upwards.
There is a stone staircase leading down here.
There is an open door here.
You don't know any spells.
There is a stone staircase leading down here.
You can't go up here!
The 11-headed hydra bites you.
* * * LOW HITPOINT WARNING * * *
The 11-headed hydra bites you but does no damage.
You block the 11-headed hydra's attack. The 11-headed hydra bites you!
* * * LOW HITPOINT WARNING * * *
The 11-headed hydra bites you!
* * * LOW HITPOINT WARNING * * *
The 11-headed hydra bites you.
* * * LOW HITPOINT WARNING * * *
The 11-headed hydra bites you!
You die...

..# ####...........#
..####..'...........#
..#....##...........#
..'.#####...........#
..### #.(.........#
..# #...........# ..#
#....).>....# '##
#########D### .#
#...@.# ## #.#####
######'#####
#..........#
#..........# #
######..........# #
#....'..........#
###.####..........#
.##.# #.....^....#


You could see a 11-headed hydra.

Vanquished Creatures
  2 two-headed ogres (D:9)
  Maggie (D:7)
  A troll (D:10)
  4 hippogriffs
  2 shadows (D:9)
  8 yaks (D:10)
  A wyvern (D:8)
  Menkaure (D:4)
  2 two-headed ogre zombies (D:9)
  Edmund (D:5)
  A porcupine (D:10)
  2 orc warriors
  3 ice beasts
  A hornet zombie (D:5)
  5 phantoms
  2 black bears (D:10)
  A necrophage (D:11)
  4 ogres
  4 centaurs
  A big kobold (D:7)
  9 bullfrogs
  A wyvern zombie (D:11)
  A troll zombie (D:9)
  9 killer bees
  A scorpion (D:10)
  8 wights
  4 howler monkeys (D:8)
  2 bullfrog zombies
  2 centaur zombies (D:11)
  9 orc priests
  2 bullfrog skeletons
  3 hounds
  4 jellies
  Crazy Yiuf (D:5)
  3 centaur skeletons
  5 orc wizards
  2 iguanas
  6 worker ants
  Ijyb (D:5)
  5 ogre zombies (D:9)
  2 hound skeletons
  A howler monkey zombie (D:7)
  2 howler monkey skeletons
  4 gnolls (D:4)
  6 adders
  2 white imps (D:8)
  2 ufetubi
  6 oozes
  An adder skeleton (D:5)
  A worm (D:2)
  2 dart slugs (D:1)
  7 leopard geckos
  22 orcs
  3 giant cockroaches
  12 goblins
  3 hobgoblins
  2 jackals (D:7)
  3 quokkas
  3 ball pythons
  8 bats
  3 frilled lizards
  6 goblin skeletons (D:9)
  2 goblin zombies (D:9)
  A hobgoblin skeleton (D:9)
  4 hobgoblin zombies (D:9)
  13 kobolds
  A leopard gecko skeleton (D:7)
  3 orc skeletons (D:9)
  9 orc zombies (D:9)
  A quokka skeleton (D:4)
  9 rats
269 creatures vanquished.

Vanquished Creatures (others)
  48 fungi (D:10)
  43 plants (D:10)
91 creatures vanquished.

Grand Total: 360 creatures vanquished

Notes
Turn   | Place    | Note
-------+----------+-------------------------------------------
     0 | D:1      | Notrik the Minotaur Fighter began the quest for the Orb.
     0 | D:1      | Reached XP level 1. HP: 19/19 MP: 0/0
    84 | D:1      | Reached skill level 4 in Fighting
    85 | D:1      | Upgraded the game from 0.26-a0-572-g753d7e3450 to
                  | 0.26-a0-639-g72c4674329
   123 | D:1      | Reached XP level 2. HP: 25/27 MP: 1/1
   305 | D:1      | Reached XP level 3. HP: 31/34 MP: 2/2
   695 | D:2      | Reached skill level 5 in Fighting
   859 | D:2      | Found a faded altar of an unknown god.
  1068 | D:3      | Found a sparkling altar of Nemelex Xobeh.
  1132 | D:3      | Reached XP level 4. HP: 31/42 MP: 3/3
  1474 | D:3      | Noticed an ogre
  1481 | D:3      | Killed an ogre
  1481 | D:3      | Reached skill level 6 in Fighting
  1481 | D:3      | Reached XP level 5. HP: 49/51 MP: 4/4
  1741 | D:4      | Found a bloodstained altar of Trog.
  1881 | D:4      | Reached skill level 7 in Fighting
  1881 | D:4      | Reached XP level 6. HP: 45/60 MP: 2/5
  2314 | D:5      | Entered Level 5 of the Dungeon
  2314 | D:5      | Found a snail-covered altar of Cheibriados.
  2314 | D:5      | Noticed Menkaure
  2321 | D:5      | HP: 2/60 [adder skeleton (2)]
  2331 | D:5      | HP: 2/60 [Menkaure (11)]
  2338 | D:4      | Killed Menkaure
  2338 | D:4      | Reached skill level 5 in Long Blades
  2643 | D:5      | Noticed Edmund
  2657 | D:5      | Killed Edmund
  2657 | D:5      | Reached skill level 8 in Fighting
  2657 | D:5      | Reached XP level 7. HP: 66/68 MP: 6/6
  2738 | D:5      | Found a glowing silver altar of Zin.
  2841 | D:5      | Found a blossoming altar of Fedhas.
  2842 | D:5      | Found a sacrificial altar of Ru.
  2845 | D:5      | Found a white marble altar of Elyvilon.
  2847 | D:5      | Found a shimmering blue altar of Sif Muna.
  2851 | D:5      | Found a glowing golden altar of the Shining One.
  2851 | D:5      | Found an opulent altar of Gozag.
  2853 | D:5      | Found an iron altar of Okawaru.
  2853 | D:5      | Found a blossoming altar of Fedhas.
  2873 | D:5      | Became a worshipper of Warmaster Okawaru
  2911 | D:5      | Reached skill level 9 in Fighting
  3180 | D:5      | Noticed Ijyb
  3185 | D:5      | Killed Ijyb
  3204 | D:5      | Got a pearl-encrusted plate armour
  3389 | D:5      | Reached * piety under Okawaru
  3389 | D:5      | Reached XP level 8. HP: 72/79 MP: 7/7
  3520 | D:5      | Reached skill level 10 in Fighting
  3643 | D:5      | Found a runed translucent door.
  3644 | D:5      | Noticed Crazy Yiuf
  3978 | D:5      | Killed Crazy Yiuf
  4152 | D:5      | Identified the +0 plate armour "Qufoced" {rN+} (You found
                  | it on level 5 of the Dungeon)
  4981 | D:6      | Found a staircase to the Ecumenical Temple.
  5054 | D:6      | Reached skill level 11 in Fighting
  5582 | D:7      | Reached ** piety under Okawaru
  5676 | D:7      | Found a burning altar of Makhleb.
  5719 | D:7      | Noticed Maggie
  5732 | D:7      | Killed Maggie
  5732 | D:7      | Reached skill level 12 in Fighting
  5732 | D:7      | Reached XP level 9. HP: 76/90 MP: 6/8
  6355 | D:8      | Found a shattered altar of Ashenzari.
  6533 | D:8      | Reached *** piety under Okawaru
  6533 | D:8      | Reached skill level 13 in Fighting
  7050 | D:9      | Reached skill level 10 in Long Blades
  7057 | D:9      | Noticed a two-headed ogre
  7409 | D:9      | Reached **** piety under Okawaru
  7409 | D:9      | Reached XP level 10. HP: 58/102 MP: 5/9
  7470 | D:8      | Reached skill level 14 in Fighting
  7673 | D:9      | Found a staircase to the Orcish Mines.
  7772 | D:9      | Noticed a two-headed ogre
  7786 | D:9      | Killed a two-headed ogre
  8067 | D:9      | Killed a two-headed ogre
  8067 | D:9      | Reached ***** piety under Okawaru
  8067 | D:9      | Reached skill level 15 in Fighting
  8544 | D:9      | Found a shadowy altar of Dithmenos.
  8626 | D:9      | Received a gift from Okawaru
  9208 | D:10     | Entered Level 10 of the Dungeon
  9696 | D:10     | Found a staircase to the Lair.
  9847 | D:10     | Reached XP level 11. HP: 105/114 MP: 8/10
  9870 | D:10     | Reached skill level 16 in Fighting
 11096 | D:11     | Noticed a five-headed hydra
 11139 | D:10     | HP: 5/116 [11-headed hydra (3)]
 11139 | D:10     | Slain by an 11-headed hydra

Illustrated notes

Levels and vault maps discovered:
D:1:      ncdulo_lavacross, layout_basic
D:2:      layout_basic, chequers_ecumenical_altar_grove
D:3:      layout_loops_ring, old_standard_altar, minmay_ogre_servants
D:4:      layout_loops_ring, bloody_trog
D:5:      layout_layer_cave, lemuel_crystal_altar, grunt_temple_overflow_open,
          basic_altar, fedhas_bush_and_centaur_altar, uniq_menkaure, uniq_ijyb,
          uniq_edmund, uniq_crazy_yiuf_cottage
D:6:      layout_rooms, minmay_temple_entry_glass
D:7:      layout_gridville, lemuel_coloured_pillars_altar, uniq_maggie
D:8:      layout_loops_ring, kennysheep_little_box
D:9:      layout_layer_cave, nicolae_dithmenos_the_darkroom, zombieorc2_lemuel
D:10:     layout_roguey, due_lair_maze_entry_diamond,
          hangedman_little_slice_of_home
D:11:     layout_loops_cross, uniq_nergalle, uniq_harold

Skill      XL: |  1  2  3  4  5  6  7  8  9 10 11 |
---------------+----------------------------------+-----
Fighting       | 4 5 6 7 8 9 12 13 15 16 | 16.6
Long Blades    | 3 4 5 6 8 10 11 12 | 12.4
Armour         | |  3.6
Shields        | |  3.6

Action                   |  1- 3 |  4- 6 |  7- 9 | 10-12 || total
-------------------------+-------+-------+-------+-------++-------
Melee: Long sword        |    90 |    97 |   347 |   403 ||   937
       Headbutt          |    18 |    16 |   108 |   123 ||   265
  Use: Scroll            |       |     7 |       |       ||     7
       Potion            |       |     1 |       |       ||     1
Armor: Scale mail        |    52 |    32 |    39 |       ||   123
       Plate armour      |       |       |   131 |   334 ||   465
Dodge: Dodged            |    36 |    15 |    56 |    82 ||   189
Block: Kite shield       |    59 |    48 |   183 |   259 ||   549
       Rpst.: Long sword |     6 |     4 |    18 |    18 ||    46

Table legend: (Time is in decaauts)
 A = Elapsed time spent in this place.
 B = Non-inter-level travel time spent in this place.
 C = Inter-level travel time spent in this place.
 D = Time resting spent in this place.
 E = Time spent auto-exploring this place.
 F = Levels seen in this place.
 G = Mean time per level.
                   A        B        C        D        E       F      G
               +--------+--------+--------+--------+--------+-----+--------+
         Total |  11182 |  10903 |    279 |   2096 |   6918 |  11 | 1016.5 |
       Dungeon |  11182 |  10903 |    279 |   2096 |   6918 |  11 | 1016.5 |
               +--------+--------+--------+--------+--------+-----+--------+

Top non-repeatable levels by time:
     D:5: 2159 daAuts
     D:9: 1703 daAuts
     D:8: 1467 daAuts
    D:10: 1381 daAuts
     D:4: 885 daAuts
     D:7: 728 daAuts
     D:3: 699 daAuts
     D:6: 571 daAuts
     D:2: 551 daAuts
    D:11: 520 daAuts
     D:1: 513 daAuts
